Map: Kairos Junction LE

Players

HeroMarine

  • Race: Terran Terran
  • Spawn Location: 5:00

uThermal - Winner!

  • Race: Terran Terran
  • Spawn Location: 11:00

Event: 2019 WCS Spring

VOD

Have the link to the VOD?

Description

Time

  • Played on: May 17, 2019, 3:34 p.m.
  • Length: 13:13

All games in this series

Show
View Real Time Build Order
Export as new Build Order

HeroMarine Terran 

Build Orders:  

Get SALT Encoding   

  12  0:00  SCV  
  13  0:13  SCV  
  14  0:16  Supply Depot  
  14  0:25  SCV  
  15  0:32  Refinery  
  15  0:38  SCV  
  16  0:44  Barracks  
  16  0:50  SCV  
  16  0:54  Refinery  
  17  1:02  SCV  
  18  1:14  SCV  
  19  1:30  Orbital Command  
  19  1:32  Factory  
  19  1:37  Barracks Reactor  
  19  1:46  Supply Depot  
  19  1:56  SCV  
  20  2:08  SCV  
  20  2:14  Reaper x2  
  25  2:15  Hellion  
  25  2:20  SCV  
  26  2:32  SCV  
  29  2:37  Hellion  
  29  2:38  Supply Depot  
  29  2:46  Reaper  
  31  2:52  Reaper  
  31  2:54  Command Center  
  31  3:00  Starport  
  31  3:08  Hellion  
  31  3:11  SCV  
  34  3:18  Reaper  
  35  3:21  Supply Depot  
  35  3:24  Reaper  
  35  3:25  SCV  
  37  3:30  Factory Tech Lab  
  37  3:38  SCV  
  38  3:43  Viking  
  40  3:50  SCV  
  40  3:56  Refinery  
  40  4:01  Marine  
  40  4:02  SCV, Siege Tank, Marine  
  45  4:11  Orbital Command  
  45  4:14  SCV, Starport Tech Lab  
  46  4:20  Marine x2  
  46  4:26  SCV  
  43  4:34  Raven  
  43  4:37  SCV  
  43  4:38  SCV  
  47  4:40  Siege Tank  
  47  4:41  Marine  
  47  4:44  Marine  
  52  4:49  SCV  
  52  4:50  SCV  
  54  4:59  Marine  
  54  5:01  SCV, Marine, Supply Depot  
  54  5:02  SCV  
  56  5:12  Siege Tank  
  56  5:13  SCV  
  60  5:14  SCV  
  61  5:25  Supply Depot  
  61  5:27  Viking x2  
  65  5:29  SCV x2  
  65  5:32  Marine  
  68  5:41  SCV x2  
  70  5:46  Siege Tank  
  70  5:48  Supply Depot  
  70  5:49  Marine  
  76  5:57  Viking  
  76  5:59  Viking  
  76  6:01  Supply Depot  
  78  6:09  Marine  
  79  6:15  SCV  
  79  6:16  SCV, Supply Depot  
  81  6:19  Siege Tank  
  84  6:27  Viking, SCV  
  84  6:28  SCV  
  84  6:29  Viking  
  90  6:35  Engineering Bay x2  
  90  6:37  Refinery, Marine  
  90  6:38  Stimpack  
  92  6:40  SCV x2  
  92  6:51  Siege Tank  
  92  6:52  SCV x2  
  97  6:59  Viking  
  99  7:08  Viking  
  98  7:12  Supply Depot, Barracks x2  
  98  7:29  Viking  
  100  7:31  Terran Infantry Weapons Level 1, Command Center  
  100  7:33  Terran Infantry Armor Level 1  
  98  7:37  Marine  
  98  7:43  Viking  
  103  7:48  Supply Depot  
  101  7:53  SCV x2  
  101  7:55  Marine  
  101  7:57  Siege Tank  
  103  8:03  Barracks Reactor  
  103  8:04  Barracks Reactor  
  103  8:07  Barracks x2  
  103  8:11  Viking  
  105  8:14  Viking  
  105  8:16  Marine  
  108  8:21  SCV x2  
  110  8:33  SCV x2  
  112  8:34  Marine  
  111  8:41  Viking  
  111  8:44  Viking  
  111  8:47  SCV x2  
  102  8:49  Marine  
  91  8:56  Marine x3  
  91  8:57  Barracks Reactor x2  
  91  9:01  Marine  
  90  9:04  SCV  
  90  9:05  SCV  
  90  9:07  Siege Tank, Marine  
  96  9:11  Medivac  
  96  9:14  Medivac, Marine x3  
  105  9:19  Marine  
  106  9:25  Marine  
  106  9:30  Armory  
  105  9:32  Marine x4  
  105  9:34  Marine  
  105  9:36  Marine x2  
  112  9:38  Marine  
  112  9:39  Siege Tank  
  112  9:40  Orbital Command  
  112  9:43  Marine  
  117  9:49  Marine  
  117  9:50  Marine  
  117  9:52  Marine  
  97  9:55  Marine x2  
  97  9:57  Marine x2  
  90  10:00  Marine  
  90  10:01  Marine  
  90  10:05  Medivac x2  
  92  10:07  Marine x2  
  92  10:09  Marine  
  92  10:13  Siege Tank, Marine x2  
  100  10:15  Marine x2  
  100  10:16  Terran Infantry Weapons Level 2  
  100  10:20  Marine x2  
  104  10:25  Marine, Combat Shield, Refinery  
  104  10:26  Marine, Refinery  
  104  10:27  Marine  
  107  10:31  Marine x2  
  107  10:33  Marine x2  
  111  10:38  Marine x2  
  113  10:43  Marine  
  113  10:44  Marine  
  113  10:45  Siege Tank, Marine  
  113  10:49  Marine x2  
  121  10:50  Terran Infantry Armor Level 2  
  121  10:51  Marine x2  
  121  10:56  Marine x2  
  125  11:01  Marine  
  125  11:02  Marine, Supply Depot  
  125  11:03  Marine  
  125  11:04  Supply Depot  
  128  11:07  Marine x2  
  128  11:08  Marine  
  128  11:10  Marine  
  132  11:11  Factory  
  132  11:14  Marine  
  133  11:20  Marine x3  
  133  11:21  Marine  
  133  11:22  SCV, Siege Tank  
  133  11:24  Marine x2  
  133  11:32  Marine x2  
  133  11:34  Marine  
  133  11:38  Marine x3  
  133  11:39  Marine  
  138  11:42  Marine x2  
  140  11:50  Medivac x2, Marine  
  147  11:55  Marine  
  147  11:56  Marine  
  147  11:57  Marine  
  149  12:06  Siege Tank  
  148  12:08  Marine  
  149  12:18  Marine  
  149  12:20  Marine  
  149  12:32  Supply Depot  
  149  12:33  Medivac x2, Siege Tank, Marine  
  157  12:37  Supply Depot  
  157  12:40  Siege Tank, Marine x3  
  157  12:43  Marine x2  
  165  12:45  Sensor Tower  
  165  12:54  Marine x2  
Show
View Real Time Build Order
Export as new Build Order

uThermal Terran - Winner!

Build Orders:  

Get SALT Encoding   

  12  0:01  SCV  
  13  0:13  SCV  
  14  0:17  Supply Depot  
  14  0:25  SCV  
  14  0:27  Refinery  
  15  0:38  SCV  
  16  0:44  Barracks  
  16  0:50  SCV  
  16  0:56  Refinery  
  17  1:03  SCV  
  18  1:15  SCV  
  19  1:31  Reaper  
  19  1:32  Orbital Command  
  20  1:35  Factory  
  20  1:43  Supply Depot  
  20  1:57  SCV  
  21  2:04  Reaper  
  22  2:09  SCV  
  23  2:18  Hellion  
  25  2:26  Command Center  
  25  2:28  SCV  
  26  2:36  Barracks Reactor  
  26  2:40  Hellion  
  29  2:45  Starport  
  29  2:50  Supply Depot  
  28  2:54  SCV  
  29  3:02  Factory Tech Lab  
  29  3:06  SCV  
  30  3:12  Marine  
  30  3:13  Marine  
  30  3:18  SCV  
  33  3:21  Medivac  
  33  3:22  Siege Tank  
  38  3:30  SCV  
  39  3:37  Marine x2  
  39  3:38  Orbital Command  
  41  3:42  Refinery  
  41  3:43  SCV  
  41  3:57  Marine  
  40  4:06  Marine  
  41  4:11  SCV  
  41  4:15  Marine  
  41  4:16  SCV, Factory Tech Lab  
  44  4:22  Raven  
  44  4:23  SCV  
  44  4:24  Marine  
  47  4:28  SCV  
  49  4:32  Supply Depot  
  49  4:33  Marine  
  49  4:35  Siege Tank  
  49  4:36  SCV  
  54  4:49  Supply Depot  
  54  4:53  SCV x2, Marine x2  
  58  5:05  SCV x2, Raven  
  62  5:09  Supply Depot  
  62  5:11  Marine x2  
  62  5:15  Siege Tank  
  62  5:17  SCV x2  
  67  5:28  Command Center  
  67  5:30  SCV  
  67  5:31  SCV  
  67  5:32  Marine  
  67  5:33  Marine  
  71  5:41  Supply Depot  
  71  5:42  SCV  
  72  5:43  SCV, Refinery  
  72  5:47  Siege Tank  
  76  5:54  SCV  
  76  5:56  Supply Depot  
  77  6:00  Marine  
  77  6:01  Stimpack  
  77  6:02  Viking x2  
  82  6:05  SCV  
  82  6:10  SCV  
  84  6:16  Engineering Bay x2  
  84  6:17  SCV  
  85  6:20  Siege Tank  
  85  6:23  SCV  
  89  6:31  SCV  
  89  6:32  Viking x2  
  94  6:39  Supply Depot  
  94  6:40  SCV  
  94  6:41  Orbital Command  
  94  6:44  SCV  
  94  6:45  Marine  
  97  6:52  SCV  
  98  6:58  SCV  
  92  7:02  Viking x2  
  92  7:04  SCV  
  92  7:08  Siege Tank  
  88  7:11  SCV x2  
  86  7:16  SCV, Marine  
  87  7:23  SCV  
  87  7:27  Terran Infantry Weapons Level 1, Terran Infantry Armor Level 1  
  87  7:29  SCV  
  88  7:31  Orbital Command  
  88  7:35  Viking x2  
  92  7:40  SCV, Siege Tank  
  92  7:41  SCV  
  97  7:52  SCV  
  97  7:53  SCV  
  97  7:56  Marine  
  97  7:57  SCV  
  101  8:04  SCV  
  101  8:05  Viking x2, SCV  
  107  8:12  SCV, Barracks  
  108  8:13  Barracks  
  108  8:14  Marine  
  108  8:18  Siege Tank  
  108  8:19  SCV  
  111  8:27  Supply Depot  
  111  8:28  SCV  
  111  8:29  Armory  
  111  8:31  SCV, Marine  
  114  8:35  Viking  
  114  8:37  Viking  
  114  8:40  SCV  
  117  8:46  SCV  
  117  8:48  SCV  
  112  8:50  Siege Tank  
  113  8:57  SCV  
  112  9:03  Marine  
  112  9:04  Barracks Reactor x2  
  112  9:07  Barracks  
  112  9:08  SCV  
  112  9:09  Barracks  
  114  9:10  Combat Shield  
  114  9:12  SCV  
  115  9:18  Missile Turret x2  
  115  9:19  Refinery  
  115  9:20  Refinery  
  115  9:22  Siege Tank, Marine  
  115  9:24  Sensor Tower  
  119  9:26  SCV  
  119  9:30  Viking  
  120  9:32  Viking  
  120  9:33  SCV  
  123  9:39  SCV, Supply Depot  
  123  9:42  Marine  
  123  9:45  Marine x2  
  125  9:46  SCV, Marine  
  125  9:48  SCV, Marine  
  103  10:00  Marine  
  103  10:02  Medivac  
  103  10:03  Marine x2  
  103  10:04  Terran Infantry Weapons Level 2, Barracks Reactor, Terran Infantry Armor Level 2, Marine  
  103  10:06  Marine  
  103  10:09  Medivac  
  103  10:11  Barracks Reactor  
  104  10:17  Marine  
  104  10:19  Command Center  
  104  10:21  Marine  
  106  10:24  Marine, Terran Vehicle Weapons Level 1  
  106  10:25  Marine  
  106  10:28  Marine  
  109  10:32  Medivac  
  109  10:33  Supply Depot  
  109  10:35  Marine  
  111  10:38  Marine  
  111  10:39  Medivac  
  111  10:40  Marine  
  111  10:41  Marine  
  111  10:42  Marine x2  
  117  10:45  Siege Tank  
  117  10:46  Marine  
  117  10:47  Supply Depot  
  117  10:48  Marine  
  124  10:53  Marine x2  
  124  10:56  Marine  
  124  10:57  Supply Depot x2  
  127  10:58  Marine  
  127  10:59  Marine  
  127  11:00  Marine  
  127  11:02  Medivac, Marine  
  127  11:04  Marine  
  134  11:09  Medivac  
  134  11:10  Marine  
  136  11:15  Marine  
  137  11:23  Marine  
  137  11:24  Siege Tank  
  140  11:29  Marine  
  140  11:30  Marine  
  140  11:31  Marine  
  140  11:32  Medivac  
  145  11:34  Marine  
  145  11:36  Marine x2  
  145  11:38  Marine  
  149  11:40  Marine  
  149  11:41  Marine  
  149  11:45  Medivac  
  153  11:47  Marine x2  
  153  11:49  Marine, Supply Depot  
  153  11:52  Marine  
  153  11:54  Marine x2  
  157  11:55  SCV, Marine  
  157  11:58  Marine  
  162  12:02  Medivac  
  162  12:06  Marine  
  162  12:07  Marine  
  166  12:08  Planetary Fortress  
  166  12:09  SCV, Marine  
  166  12:12  Marine x3  
  166  12:15  Marine  
  171  12:20  Medivac  
  171  12:21  Marine  
  171  12:22  Marine  
  173  12:24  Marine x2  
  173  12:27  Marine  
  173  12:29  Sensor Tower  
  170  12:30  Marine x3  
  170  12:32  Medivac  
  170  12:33  Marine  
  176  12:39  Marine x2  
  176  12:42  Marine  
  182  12:45  Marine x2  
  182  12:49  Marine x2  
  186  12:53  Marine x2  
Tags
 
Add a new tag
Caveats
  • Supply blocks, unpowered buildings, or Contaminate may cause inaccurate times.
  • Supply counts are checked every 10 seconds.